 Dungeon Sprint DCSS version 0.23.1 (webtiles) character file.

Game seed: 15595956198891391461

186 Lyco the Zephyrmancer (level 5, -8/28 HPs)
             Began as a Tengu Air Elementalist on Mar 15, 2019.
             Was a Believer of Vehumet.
             Mangled by a centaur warrior (10 damage)
             ... in the Dungeon (Sprint IX: "|||||||||||||||||||||||||||||").
             The game lasted 00:04:39 (482 turns).

Lyco the Zephyrmancer (Tengu Air Elementalist)       Turns: 482, Time: 00:04:40

Health: -8/28      AC:  3    Str: 14    XL:     5   Next: 66%
Magic:  1/13       EV: 15    Int: 16    God:    Vehumet [**....]
Gold:   0          SH:  0    Dex: 15    Spells: 8/14 levels left

rFire    . . .     SeeInvis .   q - staff of energy
rCold    . . .     Gourm    .   (no shield)
rNeg     . . .     Faith    .   a - +0 robe
rPois    .         Spirit   .   (helmet restricted)
rElec    .         Reflect  .   p - +0 cloak
rCorr    .         Harm     .   (no gloves)
MR       .....     NoTele   +   (boots unavailable)
Stlth    ++........             (no amulet)
HPRegen  0.09/turn              n - +3 ring of strength
MPRegen  0.13/turn              o - +3 ring of strength

@: very slightly contaminated
A: beak, talons 3, able to fly
a: Fly, Renounce Religion


You were in the Dungeon.
You worshipped Vehumet.
Vehumet was pleased with you.
You were not hungry.

You visited 1 branch

Inventory:

Armour
 a - a +0 robe (worn)
 p - a +0 cloak (worn)
Magical Staves
 q - an uncursed staff of energy (weapon)
Jewellery
 n - a +3 ring of strength (left hand)
 o - a +3 ring of strength (right hand)
Wands
 m - a wand of acid (8)
Scrolls
 k - 3 scrolls of remove curse
 l - 2 scrolls of amnesia
Potions
 d - 4 potions of curing
 f - a potion of haste
 g - 2 potions of magic
 h - a potion of berserk rage
 j - a potion of invisibility
Comestibles
 c - a ration


   Skills:
 - Level 0.1 Fighting
 + Level 5.8 Dodging
 - Level 3.0 Stealth
 + Level 5.4 Spellcasting
 + Level 6.1 Conjurations
 + Level 9.2 Air Magic


You had 8 spell levels left.
You knew the following spells:

 Your Spells              Type           Power        Failure   Level  Hunger
a - Shock                 Conj/Air       ####         1%          1    None
b - Swiftness             Chrm/Air       ###.....     3%          2    None
c - Static Discharge      Conj/Air       ####....     1%          3    None

Your spell library contained the following spells:

 Spells                   Type           Power        Failure   Level  Hunger
 Sandblast                Erth           #.....       14%         1    None
 Airstrike                Air            ####......   3%          4    None
 Lightning Bolt           Conj/Air       ####......   17%         5    None


Dungeon Overview and Level Annotations

Branches:
Dungeon (1/1)

Altars:
Cheibriados
Dithmenos
Elyvilon
Fedhas
Gozag
Hepliaklqana
Kikubaaqudgha
Makhleb
Nemelex Xobeh
Okawaru
Qazlal
Ru
Sif Muna
Trog
Uskayaw
Vehumet
Wu Jian
Xom
Yredelemnul
Zin
The Shining One
Beogh
Jiyva
Lugonu


Innate Abilities, Weirdness & Mutations

You have a beak for a mouth.
You have claws for feet.
You can fly continuously.


Message History

Unknown command.
Casting: Static Discharge (safe; 1% risk of failure)
Confirm with . or Enter, or press ? or * to list all spells.
The centaur warrior is struck by an arc of lightning.
The centaur warrior is heavily wounded.
You are struck by an arc of lightning.
The centaur warrior is struck by an arc of lightning.
The centaur warrior is heavily wounded.
The lightning grounds out.
The centaur warrior hits you. The centaur warrior hits you!
* * * LOW HITPOINT WARNING * * *
Unknown command.
Casting: Static Discharge (safe; 1% risk of failure)
Confirm with . or Enter, or press ? or * to list all spells.
You don't have enough magic to cast that spell.
Unknown command.
You barely miss the centaur warrior. You claw the centaur warrior.
The centaur warrior is heavily wounded.
The centaur warrior misses you. The centaur warrior hits you!
You die...

▓'▓
▓W▓
▓.▓
▓o▓
▓W▓
▓o▓
▓e▓
▓c▓
▓@▓
▓.▓
▓[▓
▓.▓
▓[▓
▓)▓
▓.▓
▓.▓
▓.▓


You could see a centaur warrior, a deep elf mage, a phantom, a wraith
(wandering), an orc wizard and an orc.

Vanquished Creatures
  A scorpion (D)
  A howler monkey (D)
  A hound (D)
  An iguana (D)
  A worker ant (D)
  An adder (D)
  A bat skeleton (D)
  A bat zombie (D)
  A hobgoblin (D)
  A jackal (D)
  2 quokkas (D)
  A frilled lizard (D)
  A quokka skeleton (D)
  2 rats (D)
16 creatures vanquished.

Notes
Turn   | Place    | Note
-------+----------+-------------------------------------------
     0 | D        | Lyco the Tengu Air Elementalist began the quest for the
                  | Orb.
     0 | D        | Reached XP level 1. HP: 10/10 MP: 4/4
     6 | D        | Reached skill level 5 in Air Magic
    44 | D        | Reached XP level 2. HP: 15/15 MP: 3/6
    57 | D        | Found a roughly hewn altar of Beogh.
    57 | D        | Found a snail-covered altar of Cheibriados.
    57 | D        | Found a shadowy altar of Dithmenos.
    57 | D        | Found a white marble altar of Elyvilon.
    57 | D        | Found a blossoming altar of Fedhas.
    57 | D        | Found an opulent altar of Gozag.
    58 | D        | Found a hazy altar of Hepliaklqana.
    59 | D        | Found a viscous altar of Jiyva.
    60 | D        | Found an ancient bone altar of Kikubaaqudgha.
    61 | D        | Found a corrupted altar of Lugonu.
    62 | D        | Found a burning altar of Makhleb.
    63 | D        | Found a sparkling altar of Nemelex Xobeh.
    64 | D        | Found an iron altar of Okawaru.
    65 | D        | Found a stormy altar of Qazlal.
    66 | D        | Found a sacrificial altar of Ru.
    67 | D        | Found a deep blue altar of Sif Muna.
    68 | D        | Found a bloodstained altar of Trog.
    69 | D        | Found a hide-covered altar of Uskayaw.
    70 | D        | Found a radiant altar of Vehumet.
    71 | D        | Found an ornate altar of the Wu Jian Council.
    72 | D        | Found a shimmering altar of Xom.
    73 | D        | Found a basalt altar of Yredelemnul.
    74 | D        | Found a glowing silver altar of Zin.
    75 | D        | Found a glowing golden altar of the Shining One.
    78 | D        | Became a worshipper of Vehumet
   129 | D        | Learned a level 2 spell: Swiftness
   129 | D        | Noticed a howler monkey
   129 | D        | Noticed a scorpion
   151 | D        | Reached skill level 6 in Air Magic
   151 | D        | Reached XP level 3. HP: 14/19 MP: 0/9
   155 | D        | Reached skill level 7 in Air Magic
   235 | D        | Learned a level 3 spell: Static Discharge
   241 | D        | Killed a scorpion
   241 | D        | Reached * piety under Vehumet
   241 | D        | Offered knowledge of Sandblast by Vehumet.
   241 | D        | Reached skill level 8 in Air Magic
   241 | D        | Reached XP level 4. HP: 24/24 MP: 1/11
   250 | D        | Reached skill level 5 in Dodging
   250 | D        | Reached skill level 5 in Conjurations
   250 | D        | Gained mutation: You can fly continuously. [Tengu growth]
   250 | D        | Reached XP level 5. HP: 22/28 MP: 2/13
   253 | D        | Reached skill level 5 in Spellcasting
   253 | D        | Reached skill level 9 in Air Magic
   254 | D        | Reached ** piety under Vehumet
   468 | D        | Noticed a wraith
   468 | D        | Noticed a phantom
   468 | D        | Noticed a deep elf mage
   468 | D        | Noticed a centaur warrior
   482 | D        | Mangled by a centaur warrior

Skill      XL: |  1  2  3  4  5 |
---------------+----------------+-----
Air Magic      | 5 6 8 9 |  9.2
Dodging        | 3 4 5 |  5.8
Spellcasting   | 3 4 5 |  5.4
Conjurations   | 2 4 5 6 |  6.1
Stealth        | 3 |  3.0
Fighting       | |  0.1

Action                   |  1- 3 |  4- 6 || total
-------------------------+-------+-------++-------
Melee: Staff             |     3 |     2 ||     5
       Kick              |       |     2 ||     2
 Cast: Shock             |    19 |       ||    19
       Static Discharge  |     1 |     8 ||     9
Evoke: Wand              |       |     2 ||     2
  Use: Potion            |     3 |     3 ||     6
       Scroll            |     1 |     1 ||     2
Armor: Robe              |     4 |     1 ||     5
Dodge: Dodged            |    22 |     8 ||    30
